Map: Eternal Empire LE

Players

Epic - Winner!

  • Race: Terran Terran
  • League: Master
  • Spawn Location: 1:00

Future

  • Race: Terran Terran
  • Spawn Location: 7:00

Event: Cheeseadelphia XI, Cheeseadelphia XI

VOD

Have the link to the VOD?

Description

Time

  • Played on: Dec. 15, 2019, 9:53 a.m.
  • Length: 12:48

All games in this series

Show
View Real Time Build Order
Export as new Build Order

Epic Terran - Winner!

Build Orders: Gas First Reaper Expand 

Get SALT Encoding   

  12  0:00  SCV  
  13  0:12  SCV  
  14  0:17  Supply Depot  
  14  0:24  SCV  
  15  0:31  Refinery  
  15  0:38  SCV  
  16  0:44  Barracks  
  16  0:51  SCV  
  17  1:03  SCV  
  18  1:15  SCV  
  19  1:32  Orbital Command, Reaper  
  20  1:45  Command Center  
  20  1:57  Factory  
  20  2:00  SCV  
  21  2:08  Reaper  
  22  2:14  SCV, Supply Depot  
  23  2:18  Refinery  
  23  2:35  SCV  
  24  2:42  Barracks Reactor, Hellion  
  26  2:48  SCV  
  27  2:53  Starport  
  27  2:57  Orbital Command  
  27  3:00  SCV  
  27  3:04  Factory Tech Lab  
  28  3:12  SCV  
  28  3:20  Marine x2  
  28  3:24  SCV x2, Cyclone  
  35  3:31  Viking  
  37  3:36  SCV x2  
  37  3:40  Marine  
  37  3:41  Marine  
  41  3:48  SCV  
  41  3:49  Supply Depot  
  41  3:51  SCV  
  43  3:58  Marine x2  
  43  4:01  SCV  
  46  4:10  SCV, Supply Depot  
  46  4:11  Raven  
  46  4:13  SCV  
  46  4:16  Marine x2  
  52  4:17  Factory Tech Lab  
  52  4:22  SCV  
  53  4:25  SCV  
  53  4:34  Command Center  
  53  4:36  SCV  
  53  4:37  SCV  
  58  4:46  Supply Depot, Marine  
  58  4:47  Marine  
  58  4:51  SCV x2  
  62  4:56  Raven  
  62  4:59  Refinery  
  61  5:00  Refinery  
  61  5:03  SCV x2  
  62  5:07  Marine x2  
  62  5:12  Siege Tank  
  67  5:15  SCV x2  
  68  5:25  Marine x2  
  70  5:35  Supply Depot  
  70  5:36  SCV x2, Supply Depot  
  72  5:44  Siege Tank  
  72  5:46  Orbital Command  
  72  5:48  SCV x2  
  77  5:53  Viking x2  
  77  5:56  Stimpack, Marine  
  82  6:01  SCV x2  
  82  6:02  Supply Depot x2  
  83  6:14  Marine  
  83  6:17  SCV x2  
  86  6:19  Orbital Command, Siege Tank  
  86  6:23  Viking  
  91  6:26  Barracks  
  91  6:27  Barracks, Viking  
  91  6:30  SCV  
  94  6:43  Marine  
  94  6:45  SCV x2  
  97  6:49  SCV  
  98  6:57  Viking x2  
  102  7:03  SCV x3  
  102  7:08  Engineering Bay  
  105  7:09  Supply Depot  
  105  7:10  Engineering Bay, Marine  
  105  7:12  Siege Tank  
  105  7:13  Supply Depot  
  107  7:15  Barracks Reactor x2  
  107  7:16  Liberator  
  107  7:19  Orbital Command  
  92  7:31  Viking  
  92  7:35  SCV x2  
  96  7:39  Terran Infantry Weapons Level 1, Terran Infantry Armor Level 1  
  96  7:41  Marine  
  97  7:46  SCV  
  97  7:47  SCV x2  
  97  7:49  Siege Tank  
  103  7:56  Marine x4  
  107  7:59  Marine  
  108  8:06  SCV x3, Refinery  
  108  8:07  Refinery  
  108  8:08  Medivac  
  113  8:14  Marine  
  113  8:16  Medivac  
  113  8:17  Marine x3  
  113  8:18  Marine  
  120  8:23  Barracks  
  120  8:25  Barracks  
  120  8:27  Siege Tank  
  120  8:32  Armory, Marine  
  124  8:34  Supply Depot  
  124  8:35  Marine  
  124  8:37  Supply Depot, Marine x3  
  124  8:39  Combat Shield  
  128  8:48  Medivac x2  
  132  8:50  Marine  
  132  8:55  Marine x4  
  136  8:59  Supply Depot  
  136  9:01  Command Center  
  137  9:06  Siege Tank  
  137  9:07  Marine  
  141  9:13  Marine x2  
  141  9:15  Barracks Reactor x2  
  143  9:18  Missile Turret x2  
  143  9:19  Marine x2  
  143  9:20  Medivac x2  
  149  9:25  Marine  
  149  9:30  Marine  
  150  9:33  Marine  
  150  9:37  Marine x2  
  113  9:40  Siege Tank  
  113  9:41  Terran Infantry Weapons Level 2  
  113  9:43  Marine  
  113  9:45  Factory  
  117  9:48  Terran Infantry Armor Level 2, Marine  
  117  9:50  Marine x2  
  117  9:51  Marine x3  
  123  9:54  Viking  
  123  9:55  Marine x2  
  123  9:57  Viking  
  128  10:01  Marine  
  128  10:06  Marine  
  130  10:08  Marine x3  
  130  10:09  Marine x2  
  130  10:12  Siege Tank  
  130  10:13  Marine x2  
  140  10:19  Marine  
  141  10:24  Marine  
  141  10:26  Marine x3  
  141  10:27  Marine x2  
  147  10:30  Marine x2  
  142  10:47  Marine  
  142  10:49  Supply Depot  
  141  10:51  Supply Depot  
  141  10:53  Marine x3  
  141  11:07  Medivac x2, Marine x2  
  141  11:08  Marine x3  
  141  11:10  Marine  
  145  11:11  Siege Tank, Marine x3  
  148  11:19  Command Center  
  148  11:31  Marine x2  
  148  11:32  Factory  
  142  11:47  Supply Depot  
  142  11:48  Marine x3  
  142  11:57  Medivac  
  142  11:59  Marine x5  
  142  12:00  Medivac, Marine  
  142  12:02  Siege Tank  
  135  12:09  Marine x3  
  134  12:17  Marine x2  
Show
View Real Time Build Order
Export as new Build Order

Future Terran 

Build Orders: Gas First Reaper Expand 

Get SALT Encoding   

  12  0:00  SCV  
  13  0:12  SCV  
  14  0:17  Supply Depot  
  14  0:24  SCV  
  15  0:29  Refinery  
  15  0:39  SCV  
  16  0:45  Barracks  
  16  0:51  SCV  
  17  1:03  SCV  
  18  1:15  SCV  
  19  1:32  Orbital Command, Reaper  
  20  1:44  Command Center  
  20  1:54  Factory  
  20  1:58  SCV  
  21  2:06  Barracks Reactor  
  21  2:10  SCV  
  21  2:12  Refinery  
  21  2:15  Supply Depot  
  22  2:22  SCV  
  24  2:37  SCV  
  24  2:40  Starport  
  24  2:48  Hellion x2  
  24  2:49  SCV  
  29  2:52  Barracks Tech Lab  
  29  3:00  Orbital Command  
  29  3:03  SCV  
  30  3:11  Hellion  
  32  3:15  SCV  
  32  3:19  Hellion  
  34  3:27  SCV x2  
  34  3:29  Raven  
  38  3:35  Refinery  
  38  3:37  Supply Depot  
  38  3:39  SCV  
  38  3:40  SCV  
  40  3:46  Marine x2  
  42  3:51  SCV  
  42  3:52  SCV  
  44  3:56  Factory Tech Lab  
  44  4:01  Bunker  
  44  4:03  SCV  
  44  4:04  SCV, Marine x2  
  48  4:12  Raven  
  48  4:15  SCV  
  48  4:16  Supply Depot  
  48  4:17  SCV  
  52  4:20  Siege Tank  
  54  4:30  Supply Depot  
  54  4:37  SCV x2, Marine x2  
  58  4:44  Supply Depot  
  58  4:49  SCV x2  
  60  4:53  Siege Tank  
  63  5:01  SCV x2  
  63  5:03  Viking x2, Marine  
  63  5:05  Stimpack  
  63  5:06  Supply Depot  
  70  5:14  SCV x2  
  72  5:24  Command Center  
  72  5:26  SCV x2, Refinery  
  74  5:35  Viking x2  
  76  5:38  Siege Tank  
  76  5:40  SCV  
  80  5:43  SCV  
  80  5:49  Marine  
  82  5:52  SCV, Supply Depot  
  82  5:55  SCV  
  84  6:05  Engineering Bay  
  84  6:06  Engineering Bay  
  84  6:08  Viking  
  85  6:13  Barracks  
  85  6:14  Siege Tank, Viking  
  85  6:17  SCV x2  
  90  6:22  Barracks  
  90  6:29  SCV x2  
  92  6:38  Orbital Command  
  92  6:41  SCV x2  
  92  6:44  Viking x2  
  92  6:46  Siege Tank  
  101  6:51  Marine  
  101  6:53  SCV x2  
  104  7:05  SCV x2  
  104  7:07  SCV  
  105  7:08  Barracks Reactor  
  105  7:09  Marine  
  105  7:12  Barracks  
  105  7:13  Barracks  
  106  7:17  SCV x2  
  101  7:26  SCV  
  101  7:29  Siege Tank, Viking x2  
  90  7:30  SCV  
  90  7:32  Marine  
  90  7:33  Barracks Reactor  
  90  7:35  SCV  
  90  7:36  Terran Infantry Weapons Level 1, Terran Infantry Armor Level 1  
  82  7:37  Refinery  
  82  7:38  Combat Shield, Refinery  
  82  7:41  SCV  
  82  7:43  SCV  
  84  7:45  Marine x2  
  84  7:49  Marine  
  84  7:50  SCV  
  88  7:53  SCV  
  88  7:56  Armory  
  89  8:01  Siege Tank  
  89  8:03  Medivac, Marine x2  
  97  8:06  Marine x2  
  97  8:07  Marine  
  98  8:16  Marine  
  98  8:17  Marine  
  100  8:21  Marine x2  
  100  8:22  Medivac  
  100  8:24  Marine x2  
  100  8:25  Marine  
  100  8:26  Supply Depot  
  107  8:28  Supply Depot  
  107  8:34  Supply Depot, Marine  
  107  8:35  Marine  
  109  8:44  Marine x2  
  109  8:45  Marine x2  
  109  8:46  Marine  
  109  8:47  Medivac  
  109  8:48  Siege Tank  
  112  8:52  Medivac, Marine  
  112  8:53  Marine  
  114  9:02  Marine x2  
  116  9:03  Marine x2  
  116  9:04  Marine  
  116  9:09  Command Center  
  119  9:10  Marine  
  119  9:11  Marine  
  121  9:20  Marine x2  
  121  9:21  Siege Tank, Marine x3  
  129  9:28  Marine x2  
  128  9:33  Medivac x2  
  116  9:38  Marine x2  
  116  9:39  Marine  
  116  9:44  Sensor Tower  
  119  9:45  Marine  
  119  9:46  Barracks Reactor x2, Marine  
  119  9:47  SCV x2  
  119  9:48  SCV  
  121  9:54  Siege Tank  
  121  9:55  Sensor Tower  
  121  9:56  Marine  
  121  9:57  Terran Infantry Armor Level 2  
  121  9:59  SCV x2  
  127  10:01  SCV  
  128  10:10  Terran Infantry Weapons Level 2  
  128  10:12  Marine x2  
  131  10:15  Marine  
  118  10:23  SCV  
  118  10:25  Marine  
  117  10:28  Marine  
  117  10:29  Marine x4  
  117  10:33  Marine  
  121  10:43  Marine  
  121  10:46  Marine  
  121  10:47  Orbital Command, Marine  
  121  10:48  Marine  
  118  10:55  Siege Tank  
  119  10:58  Orbital Command  
  118  11:06  Marine  
  118  11:07  Marine  
  111  11:16  Marine x3  
  114  11:29  Siege Tank  
  117  11:40  Marine  
  117  11:42  Medivac x2  
  122  12:01  Marine x7  
  78  12:13  Siege Tank  
  80  12:19  Marine x7  
  80  12:21  SCV  
  88  12:23  SCV  
  88  12:27  SCV  
Tags
 
Add a new tag
Caveats
  • Supply blocks, unpowered buildings, or Contaminate may cause inaccurate times.
  • Supply counts are checked every 10 seconds.